Map: Oxide LE

Players

PattyMac

  • Race: Protoss Protoss
  • League: Grandmaster

Future - Winner!

  • Race: Terran Terran

Event: DreamHack SC2 Masters 2021 Summer

VOD

Have the link to the VOD?

Description

Time

  • Played on: May 25, 2021, 3:43 p.m.
  • Length: 11:18

All games in this series

Show
View Real Time Build Order
Export as new Build Order

PattyMac Protoss 

Build Orders: 1 Gate Expand, Oracle Opening 

Get SALT Encoding   

  12  0:00  Probe  
  13  0:12  Probe  
  14  0:17  Pylon  
  14  0:24  Probe (Chrono Boost)  
  16  0:36  Probe (Chrono Boost), Gateway  
  16  0:43  Probe (Chrono Boost)  
  16  0:46  Assimilator  
  17  0:52  Probe  
  18  1:04  Probe  
  19  1:16  Probe  
  20  1:23  Nexus  
  20  1:33  Cybernetics Core  
  20  1:35  Probe  
  21  1:42  Assimilator  
  21  1:48  Probe  
  21  1:51  Pylon  
  22  2:00  Probe (Chrono Boost)  
  23  2:12  Probe (Chrono Boost)  
  24  2:18  Adept  
  24  2:19  Probe (Chrono Boost)  
  24  2:22  Stargate  
  27  2:26  Probe (Chrono Boost)  
  28  2:32  Warp Gate  
  30  2:37  Probe x2 (Chrono Boost)  
  32  2:44  Probe (Chrono Boost)  
  32  2:45  Probe (Chrono Boost)  
  32  2:48  Adept  
  32  2:50  Probe  
  34  2:52  Probe  
  36  3:00  Pylon  
  36  3:02  Probe, Oracle (Chrono Boost)  
  36  3:05  Probe  
  41  3:14  Probe  
  41  3:17  Probe, Gateway  
  41  3:19  Gateway  
  43  3:24  Adept  
  43  3:26  Probe  
  46  3:30  Pylon  
  46  3:33  Oracle (Chrono Boost)  
  46  3:37  Probe  
  46  3:38  Probe  
  51  3:44  Assimilator  
  51  3:47  Pylon  
  51  3:50  Probe x2  
  53  3:56  Assimilator  
  53  4:02  Probe x2  
  55  4:06  Phoenix  
  57  4:14  Probe x2, Pylon  
  59  4:25  Adept x3  
  59  4:26  Probe  
  57  4:39  Probe (Chrono Boost)  
  57  4:40  Nexus  
  57  4:45  Probe (Chrono Boost)  
  59  4:46  Adept x3  
  59  4:48  Probe (Chrono Boost)  
  59  4:52  Probe (Chrono Boost)  
  67  4:54  Probe  
  68  5:01  Twilight Council  
  68  5:02  Forge  
  68  5:03  Probe  
  69  5:13  Probe  
  70  5:16  Probe  
  71  5:25  Probe  
  71  5:28  Probe  
  69  5:32  Sentry x3  
  75  5:37  Probe, Protoss Ground Weapons Level 1 (Chrono Boost)  
  75  5:38  Blink (Chrono Boost)  
  75  5:40  Probe  
  77  5:43  Pylon  
  77  5:49  Probe  
  78  5:52  Probe  
  78  5:53  Probe  
  80  6:01  Probe  
  81  6:04  Probe  
  81  6:05  Probe  
  81  6:06  Gateway  
  81  6:08  Gateway, Sentry  
  81  6:11  Gateway  
  85  6:13  Probe, Gateway  
  85  6:17  Gateway  
  86  6:24  Stalker x2  
  91  6:25  Probe  
  91  6:26  Shield Battery x2  
  83  6:37  Probe  
  78  6:40  Stalker  
  78  6:41  Probe, Shield Battery  
  78  6:42  Pylon  
  78  6:45  Pylon  
  81  6:49  Stalker x2  
  81  6:51  Probe  
  86  6:55  Pylon  
  86  6:58  Robotics Facility  
  84  7:03  Stalker x3  
  84  7:12  Sentry x2  
  84  7:14  Stalker x3  
  92  7:19  Probe  
  92  7:20  Probe  
  94  7:28  Stalker x3  
  100  7:31  Probe  
  100  7:35  Pylon  
  101  7:37  Shield Battery  
  101  7:39  Shield Battery, Stalker x2  
  101  7:40  Stalker  
  101  7:42  Zealot  
  107  7:49  Zealot  
  108  7:55  Zealot x3  
  108  7:58  Pylon  
  112  8:05  Stalker  
  106  8:07  Probe  
  106  8:08  Probe  
  106  8:09  Stalker x2  
  106  8:11  Protoss Ground Armor Level 1 (Chrono Boost)  
  101  8:14  Pylon  
  101  8:16  Probe  
  101  8:18  Stalker  
  101  8:19  Stalker x2  
  108  8:20  Observer (Chrono Boost), Pylon  
  108  8:22  Charge (Chrono Boost)  
  109  8:32  Probe  
  109  8:33  Stalker  
  113  8:34  Probe  
  113  8:37  Assimilator  
  113  8:39  Stalker x2  
  117  8:41  Assimilator  
  117  8:44  Zealot x3  
  117  8:59  Pylon  
  117  9:00  Robotics Bay  
  117  9:01  Robotics Facility  
  115  9:03  Pylon  
  115  9:04  Forge  
  112  9:13  Zealot x3  
  118  9:25  Templar Archives  
  118  9:29  Observer  
  115  9:31  Stalker x2  
  115  9:32  Nexus  
  115  9:35  Pylon, Stalker  
  115  9:38  Pylon  
  121  9:44  Probe  
  117  9:46  Probe, Disruptor (Chrono Boost)  
  124  9:55  Disruptor (Chrono Boost)  
  120  10:02  Photon Cannon  
  120  10:04  Zealot x2  
  122  10:07  High Templar  
  122  10:08  High Templar  
  126  10:16  Disruptor (Chrono Boost)  
  126  10:18  Archon  
  129  10:23  Zealot x4  
  135  10:32  Disruptor (Chrono Boost)  
  125  10:38  Stalker x2  
  129  10:45  Stalker x4  
  129  10:49  Nexus  
  136  10:50  Observer (Chrono Boost)  
  125  11:00  Zealot x2  
  115  11:06  Probe  
  115  11:08  Stalker x2  
Show
View Real Time Build Order
Export as new Build Order

Future Terran - Winner!

Build Orders:  

Get SALT Encoding   

  12  0:00  SCV  
  13  0:12  SCV  
  14  0:16  Supply Depot  
  14  0:24  SCV  
  15  0:38  SCV, Barracks  
  16  0:43  Refinery  
  16  0:50  SCV  
  17  1:02  SCV  
  18  1:14  SCV  
  19  1:25  Marine  
  19  1:27  Orbital Command  
  20  1:40  Command Center  
  20  1:44  Barracks Reactor  
  20  1:53  SCV  
  21  1:57  Supply Depot  
  21  2:05  SCV  
  22  2:08  Factory  
  22  2:17  SCV  
  22  2:19  Refinery  
  22  2:21  Marine  
  24  2:23  Marine  
  24  2:29  SCV  
  26  2:39  Marine  
  26  2:41  SCV, Marine  
  29  2:52  Orbital Command  
  29  2:53  Starport, SCV  
  29  2:58  Marine x2  
  30  3:05  SCV  
  33  3:07  Widow Mine  
  35  3:14  Supply Depot  
  35  3:17  SCV x2  
  35  3:18  Marine  
  35  3:19  Marine  
  39  3:29  SCV x2  
  39  3:30  Medivac  
  39  3:32  Widow Mine  
  45  3:38  Supply Depot  
  45  3:41  SCV x2  
  45  3:44  Barracks  
  47  3:54  SCV x2  
  47  3:55  Factory Tech Lab, Barracks  
  49  3:56  Marine  
  48  4:05  Marine  
  48  4:06  SCV x2  
  48  4:09  Supply Depot  
  51  4:18  SCV x2  
  51  4:20  Engineering Bay  
  51  4:21  Factory Tech Lab  
  53  4:25  Marine x2  
  53  4:30  SCV x2  
  57  4:32  Supply Depot  
  53  4:40  Bunker  
  53  4:41  Supply Depot  
  53  4:42  SCV  
  53  4:43  SCV  
  53  4:45  Marine x2  
  57  4:46  Bunker, Stimpack  
  57  4:47  Supply Depot  
  57  4:49  Terran Infantry Weapons Level 1  
  57  4:54  SCV  
  57  4:55  SCV  
  57  4:56  Supply Depot, Combat Shield  
  57  4:58  Starport Reactor  
  57  5:03  Supply Depot x2  
  57  5:04  Marine x2  
  59  5:07  Marine x2  
  59  5:08  Factory Reactor  
  59  5:09  SCV  
  62  5:15  SCV  
  63  5:21  SCV, Marine  
  63  5:23  Marine  
  63  5:26  Marine  
  63  5:27  Marine  
  66  5:29  SCV  
  66  5:34  SCV  
  66  5:35  Refinery  
  68  5:36  Refinery, Medivac  
  68  5:39  Marine  
  68  5:41  Marine  
  68  5:44  Marine  
  68  5:45  Marine  
  68  5:46  Widow Mine  
  68  5:47  Widow Mine  
  68  5:49  Medivac  
  76  5:54  Missile Turret  
  76  5:56  Missile Turret  
  76  6:00  Marine x2  
  76  6:02  Marauder  
  76  6:04  Marauder  
  82  6:08  Medivac  
  82  6:10  Widow Mine  
  86  6:11  Widow Mine  
  86  6:19  Medivac  
  86  6:22  Concussive Shells  
  86  6:24  Marauder  
  86  6:25  Marauder  
  87  6:29  SCV  
  87  6:30  SCV  
  88  6:38  Marine x2  
  90  6:41  SCV  
  90  6:42  SCV  
  90  6:45  Medivac  
  96  6:47  Marauder, Command Center  
  96  6:48  Marauder  
  96  6:49  Medivac  
  96  6:51  Widow Mine  
  102  6:56  Supply Depot  
  102  6:58  Widow Mine, Supply Depot  
  103  7:06  SCV x2  
  100  7:09  Marauder x2  
  100  7:11  Marine  
  103  7:20  SCV  
  104  7:27  Barracks  
  104  7:29  SCV  
  103  7:33  SCV, Marauder x2, Marine x2  
  110  7:40  Terran Infantry Armor Level 1  
  110  7:41  SCV, Barracks  
  109  7:45  SCV  
  100  7:54  SCV  
  100  7:55  Marauder, Marine x2  
  100  7:56  Marauder  
  100  7:57  SCV  
  106  8:05  Widow Mine x2  
  102  8:15  Orbital Command, SCV  
  102  8:16  SCV  
  102  8:17  Marauder x2  
  106  8:21  Barracks Reactor  
  106  8:25  Marine x2  
  106  8:28  SCV x2  
  106  8:32  Barracks Tech Lab  
  110  8:34  Widow Mine  
  110  8:38  Marauder x2  
  110  8:39  Widow Mine  
  110  8:40  SCV x2  
  110  8:50  Marine x2  
  110  8:52  Marauder  
  106  8:55  Widow Mine  
  106  8:57  Marine x2  
  106  9:00  Widow Mine, Marauder x2  
  114  9:07  Medivac x2, Ghost Academy  
  114  9:08  Marine x2  
  120  9:14  Marauder  
  122  9:19  Marine x2  
  122  9:21  Marauder x2  
  122  9:23  Widow Mine x2  
  132  9:26  Marine x2  
  134  9:37  Liberator x2  
  140  9:41  Marine  
  140  9:44  Marine, Enhanced Shockwaves  
  141  9:46  Ghost, Supply Depot  
  141  9:47  Ghost x2, Supply Depot x2  
  141  9:49  Widow Mine  
  148  9:52  Missile Turret  
  148  9:54  Refinery  
  148  9:55  Refinery  
  148  10:04  Command Center  
  148  10:07  Engineering Bay, Armory, Marine x3  
  148  10:08  Widow Mine, Marine  
  148  10:09  Bunker  
  154  10:17  Ghost x2  
  156  10:34  Marine  
  156  10:35  Marauder, Marine  
  156  10:41  Barracks  
  156  10:42  Barracks  
  156  10:43  SCV x2  
  156  10:45  SCV, Barracks  
  156  10:47  Marauder  
  162  10:50  Marauder, Marine  
  162  10:56  Marauder  
Tags
 
Add a new tag
Caveats
  • Supply blocks, unpowered buildings, or Contaminate may cause inaccurate times.
  • Supply counts are checked every 10 seconds.